 Seeded DCSS version 0.31.0-32-g396128a36d (webtiles) character file.

Game seed: 5852599659512852149 (custom seed)

18554 CInkIbrahim the Fencer (level 12, -1/70 HPs)
             Began as a Gargoyle Gladiator on Mar 15, 2024.
             Was a Priest of Qazlal.
             Slain by a warg (17 damage)
             ... on level 1 of the Orcish Mines.
             The game lasted 00:19:54 (10484 turns).

CInkIbrahim the Fencer (Gargoyle Gladiator)        Turns: 10484, Time: 00:19:55

Health: -1/70      AC: 29    Str: 19    XL:     12   Next: 59%
Magic:  0/21       EV: 14    Int:  9    God:    Qazlal [***...]
Gold:   2299       SH:  9    Dex: 15    Spells: 11/11 levels left

rFire   + . .        a - +11 Singing Sword {sonic wave}
rCold   + . .        i - +0 buckler
rNeg    + . .        f - +3 chain mail {rC+}
rPois   ∞            c - +0 helmet
rElec   +            r - +0 cloak
rCorr   +            (no gloves)
SInv    .            G - +0 pair of boots
Will    .....        y - amulet of guardian spirit Stlth
                     o - ring of magical power
HPRegen 0.31/turn    J - ring of Laroc {rF+ rCorr EV+5}
MPRegen 0.17/turn

%: guardian spirit
@: mighty, studying Unarmed Combat, invisible
A: sickness immunity, AC +8, negative energy resistance 1, electricity
resistance, torment resistance 1, petrification resistance
a: Renounce Religion, Upheaval, Elemental Force


You were on level 1 of the Orcish Mines.
You worshipped Qazlal.
Qazlal was most pleased with you.
You visited 3 branches of the dungeon, and saw 12 of its levels.
You also visited: Ossuary.

You collected 3855 gold pieces.
You spent 1556 gold pieces at shops.

Inventory:

Hand Weapons
 a - the +11 Singing Sword (weapon) {sonic wave}
   (You bought it in a shop on level 3 of the Dungeon)
 b - a +1 demon blade of venom
Missiles
 d - 5 throwing nets (quivered)
 s - 21 poisoned darts
Armour
 c - a +0 helmet (worn)
 f - a +3 chain mail of cold resistance (worn)
 i - a +0 buckler (worn)
 r - a +0 cloak (worn)
 x - an orb of wrath
 G - a +0 pair of boots (worn)
 N - a +0 scale mail of fire resistance
Jewellery
 o - a ring of magical power (left hand)
 q - a +6 ring of strength
 y - an amulet of guardian spirit (around neck)
 J - the ring of Laroc (right hand) {rF+ rCorr EV+5}
   (You bought it in a shop on level 3 of the Dungeon)

   [ring of evasion]

   EV+5:      It affects your evasion (+5).
   rF+:       It protects you from fire.
   rCorr:     It protects you from acid and corrosion.
 O - a ring of fire
Wands
 l - a wand of iceblast (22)
 I - a wand of quicksilver (12)
 L - a wand of digging (6)
Scrolls
 g - 4 scrolls of identify
 h - 4 scrolls of teleportation
 p - 3 scrolls of revelation
 u - a scroll of immolation
 w - 3 scrolls of blinking
 A - 2 scrolls of enchant weapon
 B - 2 scrolls of amnesia
 C - 2 scrolls of enchant armour
 D - 3 scrolls of noise
 E - 2 scrolls of fear
 F - 3 scrolls of vulnerability
 M - a scroll of fog
Potions
 e - a potion of might
 j - 6 potions of mutation
 k - a potion of haste
 m - 5 potions of attraction
 n - 4 potions of curing
 t - 2 potions of ambrosia
 v - 4 potions of invisibility
 z - 3 potions of enlightenment
 K - 5 potions of lignification


   Skills:
 + Level 6.1 Fighting
 - Level 16.0 Long Blades
 - Level 1.7 Throwing
 + Level 14.2 Armour
 - Level 2.4 Dodging
 - Level 5.0 Shields


You had 11 spell levels left.
You didn't know any spells.
Your spell library contained the following spells:

 Spells                   Type           Power      Damage    Failure   Level
 Apportation              Tloc           0%         N/A       94%         1
 Foxfire                  Conj/Fire      0%         2x1d4     94%         1
 Summon Small Mammal      Summ           0%         N/A       94%         1
 Call Imp                 Summ           0%         N/A       98%         2
 Jinxbite                 Hex            0%         N/A       98%         2
 Call Canine Familiar     Summ           0%         N/A       100%        3
 Summon Blazeheart Golem  Fire/Summ      0%         N/A       100%        4
 Alistair's Intoxication  Alch           0%         N/A       100%        5
 Plasma Beam              Fire/Air       0%         2x1d10    100%        6
 Starburst                Conj/Fire      0%         6d3       100%        6
 Summon Hydra             Summ           0%         N/A       100%        7
 Sublimation of Blood     Necr           Unusable   N/A       N/A         2

Dungeon Overview and Level Annotations

Branches:
Dungeon (10/15)            Temple (1/1) D:5            Lair (0/5) D:10
    Orc (1/2) D:10        Ossuary (visited)

Altars:
Ashenzari
Cheibriados
Dithmenos
Elyvilon
Fedhas
Gozag
Hepliaklqana
Kikubaaqudgha
Makhleb
Nemelex Xobeh
Okawaru
Qazlal
Ru
Sif Muna
Trog
Uskayaw
Vehumet
Wu Jian
Xom
Yredelemnul
Zin
The Shining One

Shops:
D:3 *(*=[   D:10 (   Orc:1 [

Annotations:
Orc:1 1 transporter, Zovak's ghost, journeyman OnAE


Innate Abilities, Weirdness & Mutations

You are immune to sickness and miasma.
Your stone body is resilient. (AC +8)
You are immune to poison.
You resist negative energy. (rN+)
You are resistant to electric shocks. (rElec)
You are resistant to unholy torment.
You are immune to petrification.


Message History

The warg is heavily wounded. x2
Zovak's ghost is lightly damaged.
The warg is heavily wounded.
You kill the moth of wrath!
Qazlal accepts your kill.
The warg is almost dead.
The warg is severely wounded.
The warg bites you! The warg barely misses you. x3
The warg closely misses you. You block the warg's attack. x2
You hit the warg.
The Singing Sword imitates a saxophone.
You send a blast of sound all around you.
You kill the warg!
Qazlal accepts your kill.
The warg is severely wounded.
The warg is almost dead.
The warg is severely wounded.
The warg is almost dead.
You kill the warg!
Qazlal accepts your kill. The warg bites you but does no damage.
You block the warg's attack.
The warg bites you but does no damage. x3; The warg bites you!!
Your Fighting skill increases to level 6!
You are too injured to fight recklessly!
You are too injured to fight recklessly!
You are too injured to fight recklessly!
You are too injured to fight recklessly!
You are too injured to fight recklessly!
You feel much better. The warg bites you. The warg bites you!
The warg bites you!!
* * * LOW HITPOINT WARNING * * *
The warg misses you. The warg barely misses you. The warg closely misses you.
The warg bites you but does no damage. You block the warg's attack.
You feel very mighty all of a sudden.
You block the warg's attack. x2; The warg misses you.
The warg bites you but does no damage. The warg misses you.
The warg closely misses you. You block the warg's attack.
The warg attacks as it pursues you! The warg bites you!!
You die...

.##.#...#......#####....#....#
#.#..#...#.#.###.h.###..#...##
.............#.......##.....#
.............#.$.#.#. #.#..##
.............#...#.#..#.####
.....#.#....##.#.W...##.###
)....#####..#.#.hh#.[#....##
......#.###.#...#h.=!#©....#
.........#..##..@h.#/#.....###
.....#......©#.#...#$##......##
......#.....##h.##.#. #.......#
.##..##.....#W..#...#.#......##
.##.........##....#..##.....##
..........#..##......#....###
..............#####.##.....#
...........)......###...#.####
............><............##.##


You could see 3 wargs and Zovak's ghost (unable to see you).

Vanquished Creatures
  3 two-headed ogres
  Nergalle (D:10)
  A skeletal warrior (D:10)
  An orc knight (D:10)
  A moth of wrath (Orc:1)
  4 centaur zombies (D:10)
  Jeremiah (D:8)
  A troll (D:10)
  5 hornets
  Grinder (D:3)
  3 meliai zombies (D:10)
  3 vampires (D:10)
  8 wraiths (D:10)
  2 shadows
  13 yaks
  2 wyverns (D:10)
  2 steam dragons
  4 wargs (Orc:1)
  An ice beast (D:5)
  6 orc warriors
  2 sky beasts
  9 centaurs
  2 ogres (Orc:1)
  9 phantoms
  3 bullfrogs
  A scorpion (D:5)
  9 wights
  12 killer bees (D:10)
  4 howler monkeys
  3 bullfrog zombies (Ossuary)
  3 jellies
  5 orc priests
  3 gnoll boudas
  3 hounds
  6 mummies (Ossuary)
  Natasha (thrice) (D:2)
  An iguana (D:4)
  10 orc wizards
  2 killer bee zombies (Ossuary)
  2 crocodile zombies (Ossuary)
  7 hound zombies (Ossuary)
  2 howler monkey zombies (Ossuary)
  12 gnolls
  13 adders
  A white imp (D:6)
  3 dart slugs
  2 ribbon worms
  29 orcs
  6 endoplasms
  3 giant cockroaches
  9 goblins
  8 hobgoblins
  9 kobolds
  3 quokkas
  6 ball pythons
  4 ball python zombies (Ossuary)
  5 bats
  5 frilled lizards
  3 rats
285 creatures vanquished.

Notes
Turn   | Place    | Note
-------+----------+-------------------------------------------
     0 | D:1      | CInkIbrahim the Gargoyle Gladiator began the quest for the
                  | Orb.
     0 | D:1      | Reached XP level 1. HP: 12/12 MP: 1/1
    64 | D:1      | Reached skill level 3 in Long Blades
   117 | D:1      | Reached XP level 2. HP: 17/17 MP: 2/2
   353 | D:1      | Reached XP level 3. HP: 18/21 MP: 3/3
   788 | D:2      | Noticed Natasha
   797 | D:2      | Killed Natasha
   798 | D:2      | Reached skill level 4 in Long Blades
   798 | D:2      | Reached XP level 4. HP: 18/26 MP: 4/4
  1058 | D:2      | Noticed Natasha
  1067 | D:2      | Killed Natasha
  1281 | D:2      | Noticed Natasha
  1293 | D:2      | Killed Natasha
  1294 | D:2      | Reached skill level 5 in Long Blades
  1294 | D:2      | Reached XP level 5. HP: 22/30 MP: 5/5
  1362 | D:3      | Found Bynlesk's Armour Shoppe.
  1503 | D:3      | Noticed Grinder
  1531 | D:3      | Killed Grinder
  1532 | D:3      | Reached skill level 6 in Long Blades
  1532 | D:3      | Reached XP level 6. HP: 21/35 MP: 6/6
  1561 | D:3      | Found Cicor's General Store.
  1609 | D:3      | Found Giapup's Jewellery Shoppe.
  1720 | D:3      | Found Middaiho's Weapon Shoppe.
  1956 | D:3      | Reached skill level 7 in Long Blades
  1956 | D:3      | Reached XP level 7. HP: 38/40 MP: 7/7
  2087 | D:3      | Identified a scroll of acquirement
  2087 | D:3      | Acquired 629 gold pieces
  2311 | D:3      | Found Doquohyn's General Store.
  3887 | D:5      | Entered Level 5 of the Dungeon
  3975 | D:5      | Found a staircase to the Ecumenical Temple.
  3979 | D:5      | Found a sand-covered staircase.
  3991 | Ossuary  | Entered an ossuary
  4048 | Ossuary  | Reached skill level 8 in Long Blades
  4319 | Ossuary  | Reached XP level 8. HP: 44/44 MP: 8/8
  4389 | Ossuary  | Acquired a manual of Armour
  4393 | Ossuary  | Acquired 1148 gold pieces
  4628 | Ossuary  | Reached skill level 9 in Long Blades
  4761 | D:3      | Bought the +11 Singing Sword {sonic wave} for 1000 gold
                  | pieces
  4761 | D:3      | Found the +11 Singing Sword {sonic wave}
  4785 | D:3      | Bought the ring of Laroc {rF+ rCorr EV+5} for 556 gold
                  | pieces
  5042 | D:5      | Reached skill level 1 in Armour
  5042 | D:5      | Reached skill level 1 in Shields
  5212 | D:5      | You fall into a shaft and drop 1 floor!
  5270 | D:6      | Found a hazy altar of Hepliaklqana.
  5272 | D:6      | Reached skill level 12 in Long Blades
  5272 | D:6      | Reached XP level 9. HP: 48/48 MP: 9/9
  5831 | D:6      | Reached skill level 13 in Long Blades
  6591 | D:7      | Reached XP level 10. HP: 53/53 MP: 10/10
  7511 | D:8      | Noticed Jeremiah
  7519 | D:8      | Killed Jeremiah
  7723 | Temple   | Entered the Ecumenical Temple
  7806 | Temple   | Became a worshipper of Qazlal Stormbringer
  8134 | D:9      | Noticed a two-headed ogre
  8141 | D:9      | Killed a two-headed ogre
  8444 | D:9      | Found a bloodstained altar of Trog.
  8444 | D:9      | Found a radiant altar of Vehumet.
  8625 | D:10     | Entered Level 10 of the Dungeon
  8625 | D:10     | Noticed a two-headed ogre
  8635 | D:10     | Killed a two-headed ogre
  8636 | D:10     | Reached XP level 11. HP: 57/57 MP: 11/11
  8638 | D:10     | Reached skill level 14 in Long Blades
  8638 | D:10     | Reached skill level 5 in Shields
  8656 | D:10     | Noticed a two-headed ogre
  8659 | D:10     | Reached * piety under Qazlal
  8663 | D:10     | Killed a two-headed ogre
  8698 | D:10     | Noticed an orb spider
  8698 | D:10     | Noticed an orc knight
  8699 | D:10     | Noticed a cyclops
  8700 | D:10     | Noticed a rakshasa
  8702 | D:10     | Noticed a red ugly thing
  8703 | D:10     | Noticed a boulder beetle
  8704 | D:10     | Noticed a cyclops
  8705 | D:10     | Found a staircase to the Lair.
  8775 | D:10     | Noticed an orc knight
  8787 | D:10     | Killed an orc knight
  8801 | D:10     | Reached skill level 15 in Long Blades
  8998 | D:10     | Reached ** piety under Qazlal
  8999 | D:10     | Reached XP level 12. HP: 62/62 MP: 12/12
  9003 | D:10     | Acquired 790 gold pieces
  9038 | D:10     | Reached skill level 16 in Long Blades
  9039 | D:10     | Noticed Nergalle
  9051 | D:10     | Killed Nergalle
  9308 | D:10     | Reached skill level 5 in Fighting
  9441 | D:10     | Found Mawaq's Weapon Emporium.
  9443 | D:10     | Found a staircase to the Orcish Mines.
  9839 | Orc:1    | Entered Level 1 of the Orcish Mines
  9850 | Orc:1    | Found a transporter.
  9931 | Orc:1    | Noticed Zovak's ghost (journeyman OnAE)
  9994 | Orc:1    | Found Leuraverph's Antique Armour Boutique.
 10021 | Orc:1    | Reached *** piety under Qazlal
 10140 | Orc:1    | Found a transporter.
 10484 | Orc:1    | Slain by a warg

Illustrated notes

Levels and vault maps discovered:
D:1:      wander_arrival_estate, layout_basic, minmay_pentomino_u4
D:2:      layout_rooms, serial_bayou_pond_b, uniq_natasha
D:3:      minmay_thinvault, layout_loops_cross, serial_shops,
          nicolae_shop_behind_doors, shop, shop, nicolae_shop_scrapyard, shop,
          uniq_grinder
D:4:      layout_basic, nicolae_hexahallways, minmay_manual_macuahuitl
D:5:      layout_basic, minmay_temple_entry_glass, enter_ossuary_2,
          serial_bayou, serial_bayou_pond_b, serial_bayou_crossing,
          serial_bayou_shore_b, serial_bayou_pond_e, supply_closet_lemuel,
          ebering_dispersal_statue_hall
D:6:      layout_loops_ring, worldfamousw_hep_ancestral_shrine
D:7:      layout_basic
D:8:      layout_loops_ring, mrwooster_statue_mirror, st_stairs_2, uniq_jeremiah
D:9:      layout_cave_pools, gammafunk_temple_overflow_pools, serial_library,
          serial_library_hellmonk_recessed_alcove,
          serial_library_hellmonk_u_bend, serial_library_hellmonk_semicircle,
          serial_library_regret_index_branch_corner,
          serial_library_hellmonk_hallway_a,
          serial_library_hellmonk_open_square,
          serial_library_hellmonk_small_corner, serial_library_hellmonk_room_c
D:10:     bobbens_index_wilting_gardens, layout_rooms, orc_david_3,
          serial_corexii_hall, chequers_hall_statues_y, corexii_hall_statues_x,
          st_stairs_4, kennysheep_crisscross, minmay_tree_intersection,
          onia_ninara_dug_in_and_dangerous, uniq_nergalle
Temple:   compressed_dpeg_triangle_lava_temple
Orc:1:    layout_caves, serial_shops, nicolae_shop_advertising_works
          [nicolae_subvault_shop_adworks], gammafunk_ghost_berserking_beasts

Skill      XL: |  1  2  3  4  5  6  7  8  9 10 11 12 |
---------------+-------------------------------------+-----
Long Blades    | 3 4 5 6 7 8 12 13 15 16 | 16.0
Armour         | 11 12 14 | 14.2
Shields        | 1 2 4 5 |  5.0
Fighting       | 6 |  6.1
Throwing       | |  1.7
Dodging        | |  2.4

Action                     |  1- 3 |  4- 6 |  7- 9 | 10-12 || total
---------------------------+-------+-------+-------+-------++-------
  Melee: Long sword        |    62 |   134 |   236 |       ||   432
         Punch             |       |     1 |     1 |       ||     2
         Double sword      |       |       |    71 |   328 ||   399
    Use: Scroll            |       |    12 |    14 |     2 ||    28
         Potion            |       |     2 |     1 |     3 ||     6
   Stab: Invisible         |       |       |       |     1 ||     1
 Armour: Leather armour    |    35 |    45 |       |       ||    80
         Chain mail        |       |    50 |   209 |   185 ||   444
  Dodge: Dodged            |    58 |    65 |   137 |   175 ||   435
  Block: Buckler           |       |       |    11 |   103 ||   114
